 Dungeon Crawl Stone Soup version 0.17.1-1-g73c8601 (webtiles) character file.

315 Mysteryquy the Slasher (level 6, -1/51 HPs)
             Began as a Hill Orc Fighter on Jan 4, 2016.
             Was an Initiate of Cheibriados.
             Slain by Edmund
             ... wielding a +0 dire flail
              (3 damage)
             ... on level 4 of the Dungeon.
             The game lasted 00:04:29 (2763 turns).

Mysteryquy the Slasher (Hill Orc Fighter)           Turns: 2763, Time: 00:04:29

Health: -1/51      AC:  6    Str: 22    XL:     6   Next: 44%
Magic:  6/6        EV:  9    Int:  9    God:    Cheibriados [......]
Gold:   221        SH:  5    Dex: 11    Spells: 0 memorised, 5 levels left

rFire  . . .     SeeInvis .     a - +0 long sword
rCold  . . .     Clarity  .     b - +0 scale mail
rNeg   . . .     SustAt   .     q - +0 buckler
rPois  .         Gourm    .     (no helmet)
rElec  .         Spirit   .     (no cloak)
rCorr  .         Warding  .     (no gloves)
rMut   .         Stasis   .     (no boots)
MR     .....                    (no amulet)
Stlth  ..........               (no ring)
                                (no ring)

@: very slow, not resistant to hostile enchantments, extremely unstealthy
A: no striking features
a: Bend Time, Renounce Religion


You were on level 4 of the Dungeon.
You worshipped Cheibriados.
Cheibriados was noncommittal.
You were not hungry.

You visited 1 branch of the dungeon, and saw 4 of its levels.

You collected 221 gold pieces.

Inventory:

Hand Weapons
 a - a +0 long sword (weapon)
 u - a +0 great sword
Missiles
 k - 5 tomahawks (quivered)
 s - 6 steel tomahawks
Armour
 b - a +0 scale mail (worn)
 c - a +0 shield
 q - a +0 buckler (worn)
Scrolls
 d - a scroll of random uselessness {unknown}
 i - a scroll of enchant armour {unknown}
 m - 2 scrolls of fog {unknown}
 p - a scroll of fear {unknown}
 v - 2 scrolls of teleportation {unknown}
Potions
 f - a potion of flight {unknown}
 g - a potion of haste {unknown}
 j - a potion of lignification {unknown}
 o - a potion of poison {unknown}
 t - a potion of beneficial mutation {unknown}
 w - a potion of brilliance {unknown}
Comestibles
 e - 2 bread rations
 h - a slice of pizza
 l - 3 meat rations
 n - a beef jerky
 r - 2 fruits


   Skills:
 - Level 3.6 Fighting
 + Level 6.6 Long Blades
 - Level 3.2 Armour
 + Level 4.4 Shields


You had 5 spell levels left.
You didn't know any spells.

Dungeon Overview and Level Annotations

Branches:
Dungeon (4/15)
 Temple: D:4-7

Altars:
Cheibriados
Gozag
Kikubaaqudgha
Nemelex Xobeh
Ru

Annotations:
D:3 Grinder
D:4 Edmund


Message History

Edmund is severely wounded.
You block Edmund's attack.
You slash Edmund!
Edmund is almost dead.
Edmund hits you but does no damage.
You barely miss Edmund.
Edmund is almost dead.
Edmund hits you with a dire flail.
* * * LOW HITPOINT WARNING * * *
You closely miss Edmund.
Edmund is almost dead.
Edmund hits you with a dire flail!
* * * LOW HITPOINT WARNING * * *
You hit Edmund but do no damage.
Edmund is almost dead.
Edmund barely misses you.
You completely miss Edmund.
Edmund is almost dead.
Edmund hits you with a dire flail.
You die...

##########.#######
#.# #.# #.# #.#
#.### #...#
..########.#
......s@@..#
.....####### ..#


You could see Edmund and a scorpion.

Vanquished Creatures
  An ogre (D:4)
  A scorpion (D:4)
  A worker ant (D:4)
  A centaur skeleton (D:4)
  Natasha (D:2)
  2 adders (D:2)
  A gnoll (D:1)
  2 oozes
  3 worms
  3 giant geckos
  2 orcs (D:4)
  6 bats (D:1)
  9 hobgoblins
  4 jackals (D:4)
  5 kobolds (D:1)
  2 giant cockroaches
  4 giant newts
  3 goblins
  7 rats
58 creatures vanquished.

Notes
Turn   | Place    | Note
--------------------------------------------------------------
     0 | D:1      | Mysteryquy the Hill Orc Fighter began the quest for the Orb.
     0 | D:1      | Reached XP level 1. HP: 19/19 MP: 1/1
    79 | D:1      | Reached XP level 2. HP: 21/26 MP: 2/2
   190 | D:1      | Reached XP level 3. HP: 27/31 MP: 3/3
   244 | D:1      | Reached skill level 4 in Long Blades
   861 | D:2      | Found an ancient bone altar of Kikubaaqudgha.
   877 | D:2      | Found a sparkling altar of Nemelex Xobeh.
   897 | D:2      | Reached XP level 4. HP: 32/39 MP: 4/4
  1287 | D:3      | Noticed Grinder
  1322 | D:3      | Noticed Natasha
  1330 | D:2      | Killed Natasha
  1330 | D:2      | Reached skill level 5 in Long Blades
  1726 | D:4      | Noticed an ogre
  1737 | D:4      | Killed an ogre
  1737 | D:4      | Reached XP level 5. HP: 5/45 MP: 5/5
  2096 | D:4      | Reached skill level 6 in Long Blades
  2150 | D:4      | Reached XP level 6. HP: 49/51 MP: 6/6
  2636 | D:4      | Found an opulent altar of Gozag.
  2641 | D:4      | Found a sacrificial altar of Ru.
  2641 | D:4      | Found a snail-covered altar of Cheibriados.
  2668 | D:4      | Became a worshipper of Cheibriados the Contemplative
  2739 | D:4      | Noticed Edmund
  2761 | D:4      | HP: 2/51 [Edmund/dire flail (7)]
  2763 | D:4      | Slain by Edmund

Action                   |  1- 3 |  4- 6 || total
-------------------------+-------+-------++-------
Melee: Long sword        |    94 |   130 ||   224
  Use: Potion            |       |     1 ||     1
  Eat: Chunk             |       |     4 ||     4
       Bread ration      |       |     1 ||     1
